 Dungeon Crawl Stone Soup version 0.26.1-2-gb8aa6d0cf2 (webtiles) character file.

Game seed: 8820023572649752771

26381 grosnain174 the Fighter (level 12, -9/94 HPs)
             Began as a Demonspawn Fighter on Feb 20, 2021.
             Was a High Priest of Hepliaklqana.
             Killed from afar by Jorgrun (26 damage)
             ... with an iron shot
             ... on level 13 of the Dungeon on Feb 21, 2021.
             The game lasted 01:08:49 (18359 turns).

grosnain174 the Fighter (Demonspawn Fighter)       Turns: 18359, Time: 01:08:50

Health: -9/94      AC: 19    Str: 21    XL:     12   Next: 97%
Magic:  17/17      EV:  8    Int: 12    God:    Hepliaklqana [*****.]
Gold:   1199       SH: 12    Dex: 20    Spells: 11/11 levels left

rFire    + . .     SeeInvis .   x - +2 eveningstar (drain)
rCold    + . .     Faith    .   c - +0 kite shield
rNeg     . . .     Spirit   .   H - +1 chain mail {rC+}
rPois    .         Reflect  .   P - +0 helmet {Int+3}
rElec    .         Harm     .   s - scarf {+Inv}
rCorr    +         Rampage  .   m - +0 pair of gloves
Will     .....                  F - +0 pair of boots
Stlth    ..........             A - amulet of the acrobat
HPRegen  0.25/turn              N - ring of resist corrosion
MPRegen  0.15/turn              y - +6 ring of dexterity

@: mighty, agile, about to teleport, grasped by roots, sanguine armour,
constricted
A: reduced essence, fire resistance 1, ignite blood, powered by pain 3, flame
cloud immunity, sanguine armour 1
a: Renounce Religion, Evoke Invisibility, Recall Ancestor, Ancestor Identity,
Transference, Idealise


You were on level 13 of the Dungeon.
You worshipped Hepliaklqana.
Hepliaklqana was extremely pleased with you.
You visited 2 branches of the dungeon, and saw 14 of its levels.

You collected 1485 gold pieces.
You spent 286 gold pieces at shops.

Inventory:

Hand Weapons
 a - a +0 flail
 f - a +0 club
 o - a +2 whip of electrocution
 x - a +2 eveningstar of draining (weapon)
Armour
 c - a +0 kite shield (worn)
 m - a +0 pair of gloves (worn)
 s - a scarf of invisibility (worn)
 D - a +1 scale mail of poison resistance
 F - a +0 pair of boots (worn)
 H - a +1 chain mail of cold resistance (worn)
 P - a +0 helmet of intelligence (worn)
Jewellery
 g - an uncursed amulet of guardian spirit
 y - a +6 ring of dexterity (right hand)
 A - an amulet of the acrobat (around neck)
 C - a +6 ring of strength {unknown}
 N - a ring of resist corrosion (left hand)
Wands
 z - a wand of random effects (5)
 E - a wand of polymorph (7)
 K - a wand of disintegration (11)
Scrolls
 b - 3 scrolls of identify
 e - 7 scrolls of teleportation
 h - 6 scrolls of remove curse
 k - 2 scrolls of fog
 l - 2 scrolls of magic mapping
 p - 3 scrolls of fear
 r - 4 scrolls of blinking
 G - 2 scrolls of noise
 J - 2 scrolls of amnesia
Potions
 d - 2 potions of might
 i - a potion of berserk rage
 j - 2 potions of ambrosia
 n - a potion of haste
 q - 3 potions of flight
 t - 2 potions of magic
 u - a potion of invisibility
 v - 3 potions of heal wounds
 w - 9 potions of curing
 B - 3 potions of brilliance
 I - a potion of cancellation {unknown}
 M - 2 potions of lignification
 O - a potion of attraction


   Skills:
 * Level 13.5 Fighting
 * Level 12.3 Maces & Flails
 - Level 2.6 Armour
 + Level 9.3 Shields
 + Level 7.3 Invocations


You had 11 spell levels left.
You didn't know any spells.
Your spell library contained the following spells:

 Spells                   Type           Power        Failure   Level
 Sting                    Tmut/Pois      0%           100%        1
 Poisonous Vapours        Pois/Air       0%           100%        2
 Confusing Touch          Hex            0%           100%        3
 Gell's Gravitas          Tloc           0%           100%        3
 Ignite Poison            Fire/Tmut/Pois 0%           100%        3
 Mephitic Cloud           Conj/Pois/Air  0%           100%        3
 Olgreb's Toxic Radiance  Pois           0%           100%        4
 Petrify                  Tmut/Erth      0%           100%        4
 Metabolic Englaciation   Hex/Ice        0%           100%        5
 Yara's Violent Unravell  Hex/Tmut       0%           100%        5


Dungeon Overview and Level Annotations

Branches:
Dungeon (13/15)            Temple (1/1) D:4            Lair (0/6) D:11
    Orc (0/2) D:10
 Vaults: D:13-14

Altars:
Ashenzari
Cheibriados
Dithmenos
Elyvilon
Fedhas
Gozag
Hepliaklqana
Kikubaaqudgha
Makhleb
Nemelex Xobeh
Okawaru
Qazlal
Ru
Sif Muna
Trog
Uskayaw
Vehumet
Wu Jian
Xom
Yredelemnul
Zin
The Shining One

Shops:
D:4 :??   D:6 }   D:8 :

Portals:
Trove: D:12 (show abyssal rune of Zot)

Annotations:
D:8 3 runed translucent doors, vatarom's ghost, novice DrTm
D:13 Jorgrun


Innate Abilities, Weirdness & Mutations

Your flesh is heat resistant. (rF+)
Your demonic aura causes spilled blood to erupt in flames.
You are powered by pain.
You are immune to clouds of flame.
When seriously injured, your bleeding wounds create armour. (AC +6)
Your life essence is reduced to manifest your ancestor. (-10% HP)


Message History

A phantom comes into view.
Jorgrun hits Bob with a +0 vorpal quarterstaff!
Bob is destroyed!
The grasping roots constrict you! Jorgrun gestures at you while chanting.
You shatter!!
* * * LOW HITPOINT WARNING * * *
You focus on the pain.
You feel very mighty all of a sudden.
* * * LOW HITPOINT WARNING * * *
The grasping roots constrict you!
You hear an angry buzzing noise.
You turn to flesh and can move again.
As you read the scroll of teleportation, it crumbles to dust.
You feel strangely unstable.
* * * LOW HITPOINT WARNING * * *
The grasping roots constrict you. Jorgrun gestures at you while chanting.
The iron shot hits you!!
You die...

# # #
##########################
..........................
#################.........
########.$.......
........ยง........
.......@.........
.......g......... .
................. ..
................. ...
..W..............
.................
................
...............


You could see Jorgrun and a phantom.

Vanquished Creatures
  Rupert (D:13)
  Gastronok (D:12)
  Nessos (D:12)
  A boulder beetle (D:13)
  A centaur warrior (D:13)
  A two-headed ogre (D:12)
  A tengu warrior (D:13)
  An unseen horror (D:13)
  4 ugly things
  3 deep elf magi
  A cyclops (D:12)
  2 manticores
  Maurice (D:8)
  2 centaur skeletons
  A kobold demonologist (D:13)
  A komodo dragon (D:12)
  A tengu conjurer (D:13)
  A troll (D:11)
  Sigmund (D:2)
  3 wyverns
  14 yaks
  A wraith (D:10)
  Grum (D:11)
  Menkaure (D:5)
  A water moccasin (D:12)
  Duvessa (D:5)
  4 orc warriors
  2 sky beasts
  A black bear (D:10)
  5 ice beasts
  A necrophage (D:7)
  4 phantoms
  5 wolves (D:11)
  2 centaurs
  5 ogres
  3 big kobolds
  3 bullfrogs
  6 killer bees
  2 scorpions
  3 howler monkeys
  19 wights
  3 quasits
  6 hounds
  3 bullfrog zombies
  2 centaur zombies
  9 orc priests
  11 orc wizards
  5 jellies
  4 bullfrog skeletons
  2 iguanas
  A hexer (D:11)
  5 worker ants
  2 hound skeletons (D:9)
  A howler monkey zombie (D:7)
  4 worker ant zombies
  3 gnolls (D:2)
  12 adders
  2 shadow imps
  A white imp (D:5)
  5 ufetubi
  2 oozes
  A worm (D:4)
  8 dart slugs
  5 leopard geckos
  34 orcs
  3 giant cockroaches
  2 goblins
  9 hobgoblins
  4 jackals (D:10)
  2 quokkas
  2 bats
  9 frilled lizards
  A giant cockroach zombie (D:6)
  11 kobolds
  2 leopard gecko skeletons
  A leopard gecko zombie (D:8)
  6 rats
296 creatures vanquished.

Vanquished Creatures (collateral kills)
  Sonja (D:11)
  An unseen horror (D:10)
  An orc knight (D:10)
  A cyclops (D:13)
  A water elemental (D:11)
  2 ice beasts
  A hornet zombie (D:8)
  A phantom (D:6)
  A wolf (D:11)
  An ogre (D:6)
  2 bullfrogs
  Dowan (D:5)
  A scorpion (D:12)
  A wyvern skeleton (D:9)
  2 killer bees
  2 howler monkeys (D:9)
  An electric eel (D:11)
  2 wights (D:12)
  A hound (D:11)
  2 orc wizards
  An orc priest (D:10)
  A jelly (D:7)
  An iguana (D:4)
  2 worker ants
  A hound zombie (D:10)
  3 adders
  A leopard gecko (D:7)
  14 orcs
  3 kobolds (D:9)
  A quokka (D:6)
  A quokka skeleton (D:7)
55 creatures vanquished.

Vanquished Creatures (others)
  5 hexers
5 creatures vanquished.

Grand Total: 356 creatures vanquished

Notes
Turn   | Place    | Note
-------+----------+-------------------------------------------
     0 | D:1      | grosnain174 the Demonspawn Fighter began the quest for the
                  | Orb.
     0 | D:1      | Reached XP level 1. HP: 18/18 MP: 1/1
    82 | D:1      | Gained mutation: Your flesh is heat resistant. (rF+)
                  | [demonic ancestry]
    82 | D:1      | Reached XP level 2. HP: 23/24 MP: 2/2
  1016 | D:2      | Gained mutation: You are immune to clouds of flame.
                  | [demonic ancestry]
  1016 | D:2      | Reached XP level 3. HP: 15/29 MP: 1/3
  1307 | D:2      | Noticed Sigmund
  1313 | D:2      | Killed Sigmund
  1314 | D:2      | Reached skill level 4 in Fighting
  1314 | D:2      | Gained mutation: You sometimes gain a little power by
                  | taking damage. [demonic ancestry]
  1314 | D:2      | Reached XP level 4. HP: 38/38 MP: 4/4
  1314 | D:2      | Reached XP level 5. HP: 43/43 MP: 5/5
  1898 | D:3      | Reached XP level 6. HP: 50/50 MP: 6/6
  2805 | D:3      | Found a shimmering blue altar of Sif Muna.
  2931 | D:3      | Reached skill level 5 in Fighting
  3248 | D:4      | Noticed an ice beast
  3257 | D:4      | Killed an ice beast
  3258 | D:4      | Reached XP level 7. HP: 56/56 MP: 7/7
  3496 | D:4      | Found a staircase to the Ecumenical Temple.
  3532 | Temple   | Entered the Ecumenical Temple
  3570 | Temple   | Became a worshipper of Hepliaklqana the Forgotten
  3814 | D:4      | Found a bloodstained altar of Trog.
  3833 | D:4      | Found Laloitiy's Book Emporium.
  3892 | D:4      | Found Duxemuv's Magic Scroll Emporium.
  3897 | D:4      | Found Cublap's Magic Scroll Shop.
  3900 | D:4      | Bought a scroll of enchant weapon for 105 gold pieces
  3900 | D:4      | Bought a scroll of fear for 49 gold pieces
  3908 | D:4      | Bought a scroll of blinking for 90 gold pieces
  3908 | D:4      | Bought a scroll of magic mapping for 42 gold pieces
  3961 | D:5      | Entered Level 5 of the Dungeon
  3980 | D:5      | Found a burning altar of Makhleb.
  4051 | D:5      | Reached skill level 6 in Fighting
  4051 | D:5      | Reached skill level 5 in Maces & Flails
  4279 | D:5      | Noticed Dowan
  4286 | D:5      | Noticed Duvessa
  4294 | D:5      | Killed Duvessa
  4307 | D:5      | Killed Dowan
  4308 | D:5      | Reached XP level 8. HP: 44/58 MP: 8/8
  4434 | D:5      | Noticed Menkaure
  4437 | D:5      | Killed Menkaure
  4700 | D:5      | Reached * piety under Hepliaklqana
  5287 | D:5      | Reached skill level 7 in Fighting
  5504 | D:6      | Reached skill level 5 in Shields
  6297 | D:6      | Found Wer Udug's Gadget Shop.
  6371 | D:6      | Reached ** piety under Hepliaklqana
  6372 | D:6      | Remembered your ancestor Bob as a hexer
  6991 | D:7      | Reached skill level 8 in Fighting
  6999 | D:7      | Gained mutation: You sometimes gain power by taking damage.
                  | [demonic ancestry]
  6999 | D:7      | Reached XP level 9. HP: 50/66 MP: 6/9
  8184 | D:8      | Reached skill level 9 in Fighting
  8474 | D:8      | Reached *** piety under Hepliaklqana
  8551 | D:8      | Found an opulent altar of Gozag.
  8551 | D:8      | Found a radiant altar of Vehumet.
  8555 | D:8      | Found an iron altar of Okawaru.
  8575 | D:8      | Noticed Maurice
  8607 | D:8      | Found a runed translucent gate.
  8609 | D:8      | Killed Maurice
  8649 | D:8      | Found a runed translucent gate.
  8651 | D:8      | Found an opulent altar of Gozag.
  8652 | D:8      | Found a runed translucent gate.
  8654 | D:8      | Noticed vatarom's ghost (novice DrTm)
  8654 | D:8      | Noticed a two-headed ogre
  8681 | D:8      | Found Kaddibru's Book Shop.
  8804 | D:8      | Gained mutation: You are powered by pain. [demonic
                  | ancestry]
  8804 | D:8      | Reached XP level 10. HP: 24/75 MP: 7/10
  9204 | D:8      | Found a shadowy altar of Dithmenos.
  9204 | D:8      | Found a sacrificial altar of Ru.
  9206 | D:8      | Found a white marble altar of Elyvilon.
  9209 | D:8      | Found a blossoming altar of Fedhas.
  9661 | D:9      | Reached skill level 10 in Fighting
 10024 | D:9      | Reached **** piety under Hepliaklqana
 10831 | D:10     | Entered Level 10 of the Dungeon
 11079 | D:10     | Found a staircase to the Orcish Mines.
 11617 | D:10     | Noticed a deep elf mage
 11617 | D:10     | Noticed a manticore
 11618 | D:10     | Noticed a green ugly thing
 11683 | D:10     | Killed an unseen horror
 11769 | D:10     | Killed a manticore
 12049 | D:10     | Killed a deep elf mage
 12050 | D:10     | Reached skill level 11 in Fighting
 12175 | D:10     | Reached skill level 10 in Maces & Flails
 12578 | D:10     | Noticed a deep elf mage
 12595 | D:10     | Killed a deep elf mage
 12596 | D:10     | Gained mutation: Your demonic aura causes spilled blood to
                  | erupt in flames. [demonic ancestry]
 12596 | D:10     | Reached XP level 11. HP: 40/83 MP: 11/11
 12811 | D:10     | Killed a green ugly thing
 12848 | D:10     | Noticed an orc knight
 12867 | D:10     | Killed an orc knight
 13115 | D:11     | Noticed Sonja
 13725 | D:11     | Reached skill level 1 in Invocations
 13789 | D:11     | Killed Sonja
 13939 | D:11     | Identified a scroll of acquirement
 13939 | D:11     | Acquired a +1 eveningstar of draining
 14024 | D:11     | Noticed Grum
 14034 | D:11     | Killed Grum
 14312 | D:11     | Found a staircase to the Lair.
 14585 | D:11     | Noticed a white ugly thing
 14587 | D:11     | Noticed a red ugly thing
 14592 | D:11     | Killed a white ugly thing
 14593 | D:11     | Reached skill level 12 in Fighting
 14599 | D:11     | Killed a red ugly thing
 14911 | D:11     | Noticed a red ugly thing
 15525 | D:12     | Noticed a red ugly thing
 15530 | D:12     | Killed a red ugly thing
 15644 | D:12     | Noticed Gastronok
 15656 | D:12     | Killed Gastronok
 15657 | D:12     | Reached skill level 5 in Invocations
 15657 | D:12     | Gained mutation: When seriously injured, your bleeding
                  | wounds create armour. (AC +6) [demonic ancestry]
 15657 | D:12     | Reached XP level 12. HP: 68/92 MP: 15/15
 15752 | D:12     | Reached ***** piety under Hepliaklqana
 15753 | D:12     | Found a portal to a secret trove of treasure.
 15907 | D:12     | Noticed Nessos
 16136 | D:12     | Killed Nessos
 16407 | D:12     | Noticed a two-headed ogre
 16414 | D:12     | Killed a two-headed ogre
 17089 | D:13     | Noticed a centaur warrior
 17098 | D:13     | Killed a centaur warrior
 17099 | D:13     | Reached skill level 13 in Fighting
 17222 | D:13     | Noticed a tengu warrior
 17228 | D:13     | Killed a tengu warrior
 17428 | D:13     | Noticed Rupert
 17436 | D:13     | Killed Rupert
 17856 | D:13     | Noticed a boulder beetle
 17888 | D:13     | Killed a boulder beetle
 18349 | D:13     | Noticed Jorgrun
 18359 | D:13     | Killed from afar by Jorgrun

Illustrated notes

Levels and vault maps discovered:
D:1:      amcnicky_arrival_wind_blow, layout_loops_ring, minmay_tall_x
D:2:      layout_basic, uniq_sigmund
D:3:      kennysheep_slugbush, layout_basic, led_sif_book, portal_sewer_entry_d,
          lightli_corner_chamber
D:4:      layout_basic, old_standard_altar, minmay_temple_entry_slanted,
          serial_shops, shop, shop_fountains, shop
D:5:      layout_basic, kennysheep_mini_moat, uniq_duvessa, uniq_menkaure
D:6:      layout_layer_cave, serial_shops, nicolae_shop_stone
D:7:      layout_gridville, minmay_bent
D:8:      minmay_polygon_palace, layout_gridville, minitemple, serial_shops,
          shop_statue, ebering_ghost_gozag, uniq_maurice
D:9:      layout_layer_cave
D:10:     minmay_the_grid_4x2 [minmay_the_grid_holed_spiral,
          minmay_the_grid_stretched_grid, minmay_the_grid_aliased_spiral,
          minmay_the_grid_large_cup, minmay_the_grid_rooms,
          minmay_the_grid_box_x, minmay_the_grid_expand,
          minmay_the_grid_prize_big_room], layout_small_grid,
          minmay_diced_spiral
D:11:     layout_loops_ring, erik_lair_island, nrook_campfire,
          onia_ninara_dug_in_and_dangerous, uniq_grum, uniq_sonja
D:12:     layout_roguey, nicolae_trove_entry_isolated,
          hangedman_abyss_or_decor_lesser_grid, serial_park_tiny_2, uniq_nessos,
          uniq_gastronok
D:13:     layout_stronghold, uniq_rupert, uniq_jorgrun
Temple:   minmay_temple_bridge_abc

Skill      XL: |  1  2  3  4  5  6  7  8  9 10 11 12 |
---------------+-------------------------------------+-----
Maces & Flails | 2 3 4 5 7 8 10 11 12 | 12.3
Shields        | 3 4 5 6 7 8 9 |  9.3
Fighting       | 4 5 6 8 9 11 12 13 | 13.5
Invocations    | 5 7 |  7.3
Armour         | |  2.6

Action                   |  1- 3 |  4- 6 |  7- 9 | 10-12 || total
-------------------------+-------+-------+-------+-------++-------
Melee: Flail             |    81 |       |       |       ||    81
       Whip              |    14 |   140 |   343 |   311 ||   808
       Eveningstar       |       |       |       |   230 ||   230
Invok: Ancestor Identity |       |       |     1 |       ||     1
       Recall Ancestor   |       |       |     1 |     2 ||     3
       Ancestor Life: He |       |       |     1 |       ||     1
  Use: Scroll            |     3 |       |    11 |    15 ||    29
       Potion            |     1 |       |     2 |     4 ||     7
 Stab: Confused          |       |       |     6 |     6 ||    12
       Distracted        |       |       |     2 |     6 ||     8
Armor: Scale mail        |    33 |       |       |       ||    33
       Chain mail        |    15 |    68 |   135 |   158 ||   376
Dodge: Dodged            |    18 |    22 |    50 |   151 ||   241
Block: Kite shield       |    47 |    63 |   158 |   290 ||   558
